 Dungeon Crawl Stone Soup version 0.30-a0-760-g5a9884bb7c (webtiles) character file.

Game seed: 9098315336984172573

2872 themarg the Severer (level 9, -22/69 (74) HPs)
             Began as a Hill Orc Fighter on Feb 10, 2023.
             Was an Initiate of Yredelemnul.
             Annihilated by a two-headed ogre
             ... wielding a +0 giant club
              (23 damage)
             ... on level 8 of the Dungeon.
             The game lasted 00:19:24 (7446 turns).

themarg the Severer (Hill Orc Fighter)              Turns: 7446, Time: 00:19:25

HP:   -22/69 (74)   AC: 11    Str: 23    XL:     9   Next: 76%
MP:   13/13         EV:  7    Int: 13    God:    Yredelemnul [......]
Gold: 234           SH:  4    Dex: 10    Spells: 8/8 levels left

rFire   . . .      SeeInvis .    a - +1 war axe
rCold   . . .      Faith    .    c - +0 buckler
rNeg    + . .      Spirit   .    h - +0 chain mail
rPois   +          Reflect  .    b - +0 helmet
rElec   .          Harm     .    (no cloak)
rCorr   .          Rampage  .    q - +0 pair of gloves
Will    +....                    l - -1 pair of boots "Uchuo" {Drain +Inv rPois Int+5} Stlth
                                 E - amulet of regeneration
HPRegen 1.11/turn                C - ring of positive energy
MPRegen 0.13/turn                H - ring of willpower

@: drained
A: no striking features
a: Renounce Religion, Evoke Invisibility, Recall Undead Harvest


You were on level 8 of the Dungeon.
You worshipped Yredelemnul.
Yredelemnul was noncommittal.
You visited 1 branch of the dungeon, and saw 8 of its levels.

You collected 398 gold pieces.
You spent 164 gold pieces at shops.

Inventory:

Hand Weapons
 a - a +1 war axe (weapon)
 A - the +6 dagger "Depnigge" {heavy, MP+9 Stlth+}
   (You found it on level 5 of the Dungeon)

   MP:        It affects your magic capacity (+9).
   Stlth:     It makes you more stealthy.
Missiles
 g - 55 stones
 n - 3 throwing nets
 u - 9 poisoned darts (quivered)
Armour
 b - a +0 helmet (worn)
 c - a +0 buckler (worn)
 h - a +0 chain mail (worn)
 l - the -1 pair of boots "Uchuo" (worn) {Drain +Inv rPois Int+5}
   (You found it on level 2 of the Dungeon)

   Int:       It affects your intelligence (+5).
   rPois:     It protects you from poison.
   +Inv:      It lets you turn invisible.
   Drain:     It drains your maximum health when unequipped.
 q - a +0 pair of gloves (worn)
 I - the +1 ring mail "Imang" {Will+ Dex+2}
   (You took it off an orc on level 8 of the Dungeon)

   Dex:       It affects your dexterity (+2).
   Will:      It increases your willpower.
Jewellery
 p - an amulet of magic regeneration
 s - an amulet of guardian spirit
 C - a ring of positive energy (left hand)
 D - a ring of positive energy
 E - an amulet of regeneration (around neck)
 H - a ring of willpower (right hand)
Wands
 v - a wand of mindburst (12)
 y - a wand of digging (5)
Scrolls
 i - a scroll of amnesia {unknown}
 k - 2 scrolls of fog
 m - 2 scrolls of enchant weapon
 o - a scroll of fear
 B - a scroll of enchant armour {unknown}
 F - a scroll of teleportation {unknown}
Potions
 d - a potion of might
 e - a potion of berserk rage {unknown}
 f - 3 potions of curing
 j - a potion of resistance
 r - a potion of ambrosia {unknown}
 t - 3 potions of flight
 w - 2 potions of haste
 x - 2 potions of invisibility
 z - a potion of brilliance {unknown}
 G - a potion of lignification {unknown}


   Skills:
 - Level 5.0 Fighting
 * Level 15.1 Axes
 - Level 3.2 Armour
 + Level 3.6 Shields
 + Level 6.5 Invocations


You had 8 spell levels left.
You didn't know any spells.
Your spell library contained the following spells:

 Spells                   Type           Power      Damage    Failure   Level
 Magic Dart               Conj           0%         1d3       97%         1
 Sting                    Tmut/Pois      0%         1d3       97%         1
 Poisonous Vapours        Pois/Air       0%         N/A       99%         2
 Searing Ray              Conj           0%         2d4       99%         2
 Fulminant Prism          Conj/Hex       0%         3d5       100%        4
 Olgreb's Toxic Radiance  Pois           0%         N/A       100%        4
 Summon Ice Beast         Ice/Summ       0%         N/A       100%        4
 Summon Mana Viper        Hex/Summ       0%         N/A       100%        5
 Monstrous Menagerie      Summ           0%         N/A       100%        7


Dungeon Overview and Level Annotations

Branches:
Dungeon (8/15)             Temple (0/1) D:5
   Lair: D:8-11

Altars:
Fedhas
Kikubaaqudgha
Makhleb
Nemelex Xobeh
Okawaru
Qazlal
Xom
Yredelemnul

Shops:
D:4 (*   D:5 *

Annotations:
D:8 Maggie


Message History

You see here a +0 dagger.
Found a leather armour.
g - 55 stones (gained 5)
A two-headed ogre comes into view. It is wielding two +0 giant clubs.
The two-headed ogre shouts in stereo!
You hear a shout! x2
Aiming: Mindburst
Press: ? - help, Shift-Dir - straight line, f - two-headed ogre
Aim: a two-headed ogre, wielding two +0 giant clubs (chance to affect: 47%)
The two-headed ogre's minds are blasted!
Maggie the Vainglorious comes into view.
She is wielding a +0 morningstar.
You slash the two-headed ogre!
The two-headed ogre is heavily wounded.
Your orc zombie hits the two-headed ogre but does no damage.
You slash the two-headed ogre!
The two-headed ogre is severely wounded.
The two-headed ogre hits you with a +0 giant club! x2
Maggie casts a spell.
Maggie attempts to bespell you! You resist with almost no effort.
A skeletal warrior comes into view.
It is wielding a +0 long sword and wearing the +2 ring mail "Piuchoux" {Rampage Str-3 Dex+4}.
You hear a roar!
You hit the two-headed ogre but do no damage.
The two-headed ogre is severely wounded.
A killer bee comes into view.
Your orc zombie hits the two-headed ogre but does no damage.
You catch the helpless two-headed ogre completely off-guard!
You hit the two-headed ogre.
The two-headed ogre is almost dead.
The two-headed ogre hits you with a +0 giant club! x2
Your orc zombie barely misses the two-headed ogre.
You swap places.
Maggie casts a spell at you. The bolt of fire hits your orc zombie!!
Your orc zombie is destroyed!
The bolt of fire hits you!
* * * LOW HITPOINT WARNING * * *
The two-headed ogre hits you with a +0 giant club!
* * * LOW HITPOINT WARNING * * *
The two-headed ogre hits you with a +0 giant club!!
You die...
Your body rises from the dead as a mindless zombie.

....#.......#
##.......####
####.......#####
##...##......
##....[.###
###...###
###...###
###...####
###.@..# ###O@...#
.....## ##..y##
.....# .z....#
#########
...#...##.<.....#
...###..##.......#
#.##.......#


You could see a skeletal warrior, Maggie, a two-headed ogre and a killer bee.

Vanquished Creatures
  Eustachio (D:4)
  2 water moccasins (D:7)
  Edmund (D:4)
  A black bear (D:6)
  2 ogres
  A centaur (D:7)
  3 phantoms
  4 bullfrogs
  A kobold brigand (D:7)
  2 necrophages (D:6)
  2 scorpions
  A wight (D:8)
  3 howler monkeys
  4 jellies
  An orc priest (D:6)
  3 hounds
  3 iguanas
  5 orc wizards
  3 gnolls
  9 adders
  A shadow imp (D:7)
  3 white imps
  An ufetubus (D:4)
  4 worms
  4 dart slugs
  21 orcs
  2 ball pythons
  4 bats
  7 endoplasms
  3 giant cockroaches
  6 goblins
  7 hobgoblins
  4 jackals
  9 kobolds
  A quokka (D:3)
  3 frilled lizards (D:1)
  3 rats
135 creatures vanquished.

Vanquished Creatures (collateral kills)
  A water moccasin (D:6)
  A black bear (D:4)
  A sky beast (D:7)
  A gnoll sergeant (D:8)
  A hound (D:4)
  An iguana (D:6)
  A gnoll (D:8)
  2 adders
  3 orcs (D:6)
  A quokka (D:3)
  2 kobolds (D:7)
15 creatures vanquished.

Vanquished Creatures (others)
  A bullfrog zombie (D:8)
  A bat zombie (D:3)
  A gnoll zombie (D:8)
  A dart slug zombie (D:4)
  A goblin zombie (D:4)
  A kobold zombie (D:7)
  4 orc zombies
10 creatures vanquished.

Grand Total: 160 creatures vanquished

Notes
Turn   | Place    | Note
-------+----------+-------------------------------------------
     0 | D:1      | themarg the Hill Orc Fighter began the quest for the Orb.
     0 | D:1      | Reached XP level 1. HP: 19/19 MP: 1/1
    86 | D:1      | Reached skill level 3 in Axes
   134 | D:1      | Reached XP level 2. HP: 27/27 MP: 2/2
   321 | D:1      | Reached skill level 4 in Axes
   443 | D:1      | Reached XP level 3. HP: 33/33 MP: 3/3
   471 | D:1      | Found a faded altar of an unknown god.
   643 | D:1      | Prayed at the altar of an unknown god.
   643 | D:1      | Became a worshipper of Yredelemnul the Dark
   643 | D:1      | Reached * piety under Yredelemnul
  1164 | D:2      | Reached XP level 4. HP: 26/41 MP: 4/4
  1326 | D:2      | Identified the -1 pair of boots "Uchuo" {Drain +Inv rPois
                  | Int+5}
  1582 | D:2      | Reached skill level 5 in Axes
  1585 | D:2      | Reached ** piety under Yredelemnul
  2253 | D:3      | Found a sparkling altar of Nemelex Xobeh.
  2999 | D:4      | Reached XP level 5. HP: 42/47 MP: 5/5
  3103 | D:4      | Noticed a phantom
  3104 | D:4      | Noticed Eustachio
  3120 | D:4      | Reached skill level 5 in Fighting
  3120 | D:4      | Reached skill level 6 in Axes
  3123 | D:4      | Killed a phantom
  3124 | D:4      | Reached skill level 7 in Axes
  3124 | D:4      | Reached XP level 6. HP: 22/56 MP: 3/6
  3127 | D:4      | Killed Eustachio
  3128 | D:4      | Reached skill level 8 in Axes
  3375 | D:4      | Noticed a black bear
  3380 | D:4      | Killed a black bear
  3381 | D:4      | Reached skill level 9 in Axes
  3381 | D:4      | Reached XP level 7. HP: 61/61 MP: 4/7
  3457 | D:4      | Found Isexzoeca's Weapon Shop.
  3590 | D:4      | Reached *** piety under Yredelemnul
  3683 | D:4      | Reached skill level 10 in Axes
  3700 | D:4      | Noticed Edmund
  3709 | D:4      | Killed Edmund
  3780 | D:4      | Found Lidwenaj's General Store.
  3785 | D:4      | Bought a potion of haste for 120 gold pieces
  4207 | D:5      | Entered Level 5 of the Dungeon
  4289 | D:5      | Reached skill level 11 in Axes
  4292 | D:5      | Reached XP level 8. HP: 67/68 MP: 6/8
  4600 | D:5      | Found Ypiux's Assorted Antiques.
  4605 | D:5      | Bought a scroll of identify for 44 gold pieces
  4820 | D:5      | Identified the +6 dagger "Depnigge" {heavy, MP+9 Stlth+}
  4853 | D:5      | Found a staircase to the Ecumenical Temple.
  5089 | D:6      | Reached skill level 12 in Axes
  5142 | D:6      | Reached skill level 1 in Invocations
  5402 | D:6      | Found a shimmering altar of Xom.
  5407 | D:6      | Reached skill level 13 in Axes
  5417 | D:6      | Reached XP level 9. HP: 48/74 MP: 6/11
  6321 | D:7      | Reached skill level 14 in Axes
  6321 | D:7      | Reached skill level 5 in Invocations
  6327 | D:7      | Found a burning altar of Makhleb.
  6350 | D:7      | Found an ancient bone altar of Kikubaaqudgha.
  6353 | D:7      | Found an iron altar of Okawaru.
  6353 | D:7      | Found a basalt altar of Yredelemnul.
  6361 | D:7      | Found a stormy altar of Qazlal.
  6529 | D:7      | Found a blossoming altar of Fedhas.
  6611 | D:7      | Reached **** piety under Yredelemnul
  7250 | D:8      | Reached skill level 15 in Axes
  7277 | D:8      | Noticed a centaur warrior
  7416 | D:8      | Identified the +1 ring mail "Imang" {Will+ Dex+2}
  7439 | D:8      | Noticed a two-headed ogre
  7441 | D:8      | Noticed Maggie
  7443 | D:8      | Identified the +2 ring mail "Piuchoux" {Rampage Str-3
                  | Dex+4}
  7443 | D:8      | Noticed a skeletal warrior
  7446 | D:8      | HP: 1/69 [two-headed ogre/+0 giant club (16)]
  7446 | D:8      | Annihilated by a two-headed ogre

Illustrated notes

Levels and vault maps discovered:
D:1:      noname_arrival_rooms_in_the_neighbourhood, layout_basic,
          dreamdust_ecumenical_altar_statues
D:2:      layout_loops_cross, minmay_hexomino_f4
D:3:      layout_basic, nemelex_dance_club_becter,
          nicolae_kite_square_tiling_tiny
D:4:      layout_cave_pools, serial_shops, nicolae_lakefront_shop,
          kennysheep_little_box, uniq_eustachio, uniq_edmund
D:5:      layout_rooms, lemuel_temple_firewalk_b, serial_shops, shop,
          st_stairs_5, minmay_between
D:6:      layout_gridville, xom_confusion_cloud
D:7:      layout_basic, fedhas_bush_and_centaur_altar,
          nicolae_overflow_hallway_of_the_gods
D:8:      minmay_the_grid_triangle_9x9_recursive_2
          [minmay_the_grid_triangle_9x9_prize_center,
          minmay_the_grid_triangle_9x9_swiss_cheese,
          minmay_the_grid_triangle_9x9_negative_grid,
          minmay_the_grid_triangle_9x9_pentomino_pain], layout_loops_cross,
          lair_entry_dummy, serial_shops, shop_fountains, uniq_maggie

Skill      XL: |  1  2  3  4  5  6  7  8  9 |
---------------+----------------------------+-----
Axes           | 3 4 5 7 9 11 13 15 | 15.1
Fighting       | 4 5 |  5.0
Invocations    | 3 6 |  6.5
Armour         | |  3.2
Shields        | |  3.6

Action                     |  1- 3 |  4- 6 |  7- 9 || total
---------------------------+-------+-------+-------++-------
  Melee: War axe           |    72 |    96 |   265 ||   433
  Throw: Dart              |       |       |     2 ||     2
 Invoke: Recall Undead Har |       |     2 |       ||     2
         Dark Bargain      |       |       |     1 ||     1
  Evoke: Wand              |       |       |     2 ||     2
    Use: Scroll            |       |     3 |     6 ||     9
         Potion            |       |     1 |     2 ||     3
   Stab: Distracted        |       |       |     3 ||     3
 Armour: Scale mail        |    26 |    55 |    12 ||    93
         Chain mail        |       |       |    92 ||    92
  Dodge: Dodged            |    19 |    56 |    76 ||   151
  Block: Buckler           |    10 |    32 |    47 ||    89

Table legend: (Time is in decaauts)
 A = Elapsed time spent in this place.
 B = Non-inter-level travel time spent in this place.
 C = Inter-level travel time spent in this place.
 D = Time resting spent in this place.
 E = Time spent auto-exploring this place.
 F = Levels seen in this place.
 G = Mean time per level.
                   A        B        C        D        E       F      G
               +--------+--------+--------+--------+--------+-----+--------+
         Total |   7445 |   7211 |    234 |   2460 |   3623 |   8 |  930.6 |
       Dungeon |   7445 |   7211 |    234 |   2460 |   3623 |   8 |  930.6 |
               +--------+--------+--------+--------+--------+-----+--------+

Top non-repeatable levels by time:
     D:4: 1234 daAuts
     D:6: 1202 daAuts
     D:2: 1113 daAuts
     D:7: 1033 daAuts
     D:1: 968 daAuts
     D:3: 937 daAuts
     D:5: 854 daAuts
     D:8: 101 daAuts
